 Dungeon Crawl Stone Soup version 0.17.1-2-g5865329 (webtiles) character file.

440 Rationalist the Ducker (level 6, 0/73 HPs)
             Began as a Demonspawn Berserker on Jan 15, 2016.
             Was a Priest of Trog.
             Slain by Caphalor's ghost (22 damage)
             ... on level 4 of the Dungeon.
             The game lasted 00:04:51 (2227 turns).

Rationalist the Ducker (Demonspawn Berserker)       Turns: 2227, Time: 00:04:51

Health: 0/73       AC:  4    Str: 22    XL:     6   Next: 70%
Magic:  4/6        EV: 16    Int:  9    God:    Trog [***...]
Gold:   162        SH:  0    Dex: 14    Spells: 0 memorised, 5 levels left

rFire  . . .     SeeInvis .     a - +0 hand axe
rCold  . . .     Clarity  .     b - +0 animal skin
rNeg   + . .     SustAt   .     (no shield)
rPois  .         Gourm    .     (no helmet)
rElec  .         Spirit   .     s - +1 cloak
rCorr  .         Warding  .     (no gloves)
rMut   .         Stasis   .     (no boots)
MR     .....                    (no amulet)
Stlth  ..........               (no ring)
                                r - ring of positive energy

@: berserking (expiring), lethally poisoned (0 -> -6), very quick, not resistant
to hostile enchantments, extremely unstealthy
A: hooves 2, repulsion field 1, powered by pain 1
a: Berserk, Trog's Hand, Burn Spellbooks, Renounce Religion


You were on level 4 of the Dungeon.
You worshipped Trog.
Trog was most pleased with you.
You were hungry.

You visited 1 branch of the dungeon, and saw 4 of its levels.

You collected 162 gold pieces.

Inventory:

Hand Weapons
 a - a +0 hand axe (weapon)
Missiles
 j - 17 sling bullets
 l - 20 bolts
 o - 19 sling bullets of flame
Armour
 b - a +0 animal skin (worn)
 s - a +1 cloak (worn)
Jewellery
 r - a ring of positive energy (left hand)
Wands
 t - a wand of draining (10)
Scrolls
 d - a scroll of remove curse {unknown}
 e - 2 scrolls of enchant armour {unknown}
 g - a scroll of teleportation {unknown}
 h - 4 scrolls of immolation
 i - 2 scrolls of fog {unknown}
 m - 2 scrolls of identify {unknown}
 p - a scroll of blinking {unknown}
 w - a scroll of noise {unknown}
Potions
 f - 2 potions of curing
 k - 2 potions of flight {unknown}
 v - a potion of magic {unknown}
Books
 q - a Grand Grimoire

   Spells                             Type                      Level
   a - Monstrous Menagerie            Summoning                    6
   b - Summon Greater Demon           Summoning                    7
   c - Malign Gateway                 Summoning/Translocation      7
   d - Summon Horrible Things         Summoning                    8
   Trog disapproves of the use of such an item.
Comestibles
 c - 4 bread rations
 n - 3 meat rations
 u - a slice of pizza


   Skills:
 + Level 4.4 Fighting
 + Level 3.8 Axes
 + Level 2.0 Armour
 + Level 4.9 Dodging
 + Level 0.8 Stealth


You had 5 spell levels left.
You didn't know any spells.

Dungeon Overview and Level Annotations

Branches:
Dungeon (4/15)
 Temple: D:4-7

Altars:
Yredelemnul

Annotations:
D:4 Caphalor's ghost, amateur DsFi


Innate Abilities, Weirdness & Mutations

You have hoof-like feet.
You are surrounded by a mild repulsion field (EV +2).
You sometimes gain a little power by taking damage.


Message History

Caphalor's ghost is moderately damaged.
Caphalor's ghost barely misses you.
Items here: $ ) [ † a flail of crushing; a chain mail; 11 gold pieces; the human corpse of Edmund Unknown command.
You hit Caphalor's ghost. You kick Caphalor's ghost.
Caphalor's ghost is heavily damaged.
Caphalor's ghost hits you.
You hit Caphalor's ghost. You kick Caphalor's ghost.
Caphalor's ghost is severely damaged.
Caphalor's ghost hits you.
You are poisoned.
You hit Caphalor's ghost but do no damage.
You kick Caphalor's ghost.
Caphalor's ghost is severely damaged.
You feel sick. Caphalor's ghost closely misses you.
You hit Caphalor's ghost. You kick Caphalor's ghost.
Caphalor's ghost is almost destroyed.
You feel sick. Caphalor's ghost hits you. Space warps horribly around you!
You die...

# #. ....
.### .... ..#
..... #.#
..... ##.##
......
#...###......
#.<..........
#...W@#......
#.....# .....
#.....# ....
#.....# ...
#.....# ..
#.....# $
#.....#
#.....#


You could see Caphalor's ghost.

Vanquished Creatures
  The ghost of Godfryd the Ducker, an amateur MfSk of Qazlal (D:3)
  Edmund (D:4)
  Crazy Yiuf (D:2)
  4 adders
  2 worms
  A giant gecko (D:2)
  An orc (D:4)
  8 goblins
  9 hobgoblins
  5 kobolds
  3 quokkas
  A ball python (D:1)
  11 bats
  2 giant cockroaches
  6 giant newts
  2 jackals (D:3)
  9 rats
67 creatures vanquished.

Notes
Turn   | Place    | Note
--------------------------------------------------------------
     0 | D:1      | Rationalist the Demonspawn Berserker began the quest for the Orb.
     0 | D:1      | Reached XP level 1. HP: 18/18 MP: 1/1
   276 | D:1      | Gained mutation: You have large cloven feet. [demonic ancestry]
   276 | D:1      | Reached XP level 2. HP: 13/24 MP: 2/2
   780 | D:2      | Gained mutation: You are surrounded by a mild repulsion field (EV +2). [demonic ancestry]
   780 | D:2      | Reached XP level 3. HP: 24/29 MP: 3/3
   787 | D:2      | Reached ** piety under Trog
  1083 | D:2      | Found a basalt altar of Yredelemnul.
  1163 | D:2      | Noticed Crazy Yiuf
  1170 | D:2      | Killed Crazy Yiuf
  1170 | D:2      | Gained mutation: You sometimes gain a little power by taking damage. [demonic ancestry]
  1170 | D:2      | Reached XP level 4. HP: 30/37 MP: 0/4
  1563 | D:3      | Noticed Godfryd's ghost (amateur MfSk)
  1589 | D:3      | Killed Godfryd's ghost
  1589 | D:3      | Reached skill level 4 in Fighting
  1589 | D:3      | Reached XP level 5. HP: 32/42 MP: 5/5
  1589 | D:3      | Gained mutation: You have hoof-like feet. [demonic ancestry]
  1589 | D:3      | Reached XP level 6. HP: 36/48 MP: 6/6
  2099 | D:3      | Reached *** piety under Trog
  2205 | D:4      | Noticed Edmund
  2213 | D:4      | Noticed Caphalor's ghost (amateur DsFi)
  2222 | D:4      | Killed Edmund
  2227 | D:4      | Slain by Caphalor's ghost

Action                   |  1- 3 |  4- 6 || total
-------------------------+-------+-------++-------
Melee: Hand axe          |   110 |    94 ||   204
Invok: Berserk           |     2 |     2 ||     4
       Trog's Hand       |       |     1 ||     1
  Use: Potion            |       |     2 ||     2
       Scroll            |       |     1 ||     1
  Eat: Chunk             |     2 |     5 ||     7
